 Dungeon Crawl Stone Soup version 0.21.0-3-g78d12a8 (webtiles) character file.

9433 troglodite the Slasher (level 11, -1/126 HPs)
             Began as a Demonspawn Berserker on Jan 8, 2018.
             Was a High Priest of Trog.
             Killed from afar by an electric eel (5 damage)
             ... with a bolt of electricity
             ... on level 12 of the Dungeon.
             The game lasted 00:46:20 (12193 turns).

troglodite the Slasher (Demonspawn Berserker)      Turns: 12193, Time: 00:46:22

Health: -1/126     AC: 25    Str: 22    XL:     11   Next: 23%
Magic:  11/11      EV: 14    Int:  8    God:    Trog [*****.]
Gold:   631        SH: 15    Dex: 20    Spells: 10/10 levels left

rFire    . . .     SeeInvis .   L - +5 dagger "Luer" {pierce, +Rage MR+}
rCold    . . .     Gourm    .   J - +0 shield
rNeg     . . .     Faith    .   y - +0 ring mail {MR+}
rPois    .         Spirit   .   M - +2 hat
rElec    .         Reflect  +   B - +1 cloak
rCorr    .         Harm     .   i - +2 pair of gloves
MR       ++...                  E - +2 pair of boots
Stlth    ..........             x - +4 amulet of reflection
HPRegen  0.31/turn              n - +3 ring of dexterity
MPRegen  0.12/turn              f - +6 ring of protection

@: berserking, starving, very quick
A: claws 1, thin metallic scales 1, demonic guardian 1, nightstalker 2
a: Berserk, Trog's Hand, Brothers in Arms, Burn Spellbooks, Renounce Religion,
Evoke Berserk Rage


You were on level 12 of the Dungeon.
You worshipped Trog.
Trog was extremely pleased with you.
You were starving.

You visited 1 branch of the dungeon, and saw 12 of its levels.
You also visited: Ossuary.

You collected 631 gold pieces.

Inventory:

Hand Weapons
 t - a +4 falchion of protection
 L - the +5 dagger "Luer" (weapon) {pierce, +Rage MR+}
   (You found it on level 8 of the Dungeon)

   It inflicts extra damage upon your enemies.
   It affects your resistance to hostile enchantments.
   It lets you go berserk.
Armour
 i - a +2 pair of gloves (worn)
 y - a +0 ring mail of magic resistance (worn)
 B - a +1 cloak (worn)
 E - a +2 pair of boots (worn)
 J - a +0 shield (worn)
 M - a +2 hat (worn)
Jewellery
 f - a +6 ring of protection (right hand)
 k - an uncursed ring of positive energy
 n - a +3 ring of dexterity (left hand)
 q - a +1 ring of protection
 w - an uncursed amulet of guardian spirit
 x - a +4 amulet of reflection (around neck)
 C - an uncursed ring of flight
 K - an uncursed ring of resist corrosion
 R - an uncursed ring of protection from fire
Wands
 e - a wand of acid (10)
 s - a wand of digging (17)
 v - a wand of random effects (11)
 A - a wand of disintegration (14)
 H - a wand of iceblast (11)
Scrolls
 a - a scroll of random uselessness {unknown}
 b - 7 scrolls of teleportation
 d - 2 scrolls of blinking
 j - 9 scrolls of identify
 l - 3 scrolls of magic mapping
 o - a scroll of immolation {unknown}
 p - a scroll of remove curse
 r - 3 scrolls of fog
 P - a scroll of enchant armour
 Q - 2 scrolls of fear {unknown}
Potions
 g - 10 potions of curing
 h - 6 potions of lignification
 m - 4 potions of haste
 u - 4 potions of brilliance
 z - 3 potions of ambrosia
 D - a potion of heal wounds
 F - 3 potions of resistance
 G - 2 potions of might
 I - a potion of cancellation
 N - a potion of magic {unknown}
 O - a potion of berserk rage
Comestibles
 c - 19 rations


   Skills:
 * Level 7.5 Fighting
 + Level 4.2(6.5) Short Blades
 + Level 7.7(8.2) Long Blades
 * Level 6.9 Armour
 * Level 6.8 Dodging
 * Level 6.2 Stealth
 * Level 5.3 Shields


You had 10 spell levels left.
You didn't know any spells.

Dungeon Overview and Level Annotations

Branches:
Dungeon (12/15)            Temple (0/1) D:5            Lair (0/6) D:10
    Orc (0/2) D:10

Altars:
Cheibriados
Elyvilon
Fedhas
Kikubaaqudgha
Makhleb
Nemelex Xobeh
Okawaru
Ru
Wu Jian
Yredelemnul


Innate Abilities, Weirdness & Mutations

You have sharp fingernails.
You are partially covered in thin metallic scales. (AC +2)
A weak demonic guardian rushes to your aid.
You are significantly more attuned to the shadows.


Message History

You kill the electric eel!
Trog accepts your kill.
You hear a splash.
Your shadow imp completely misses the electric eel.
The electric eel shoots out a bolt of lightning at you!
The bolt of electricity hits you!
* * * LOW HITPOINT WARNING * * *
You puncture the electric eel!
The electric eel is heavily wounded.
Your ogre barely misses the electric eel.
The electric eel shoots out a bolt of lightning at you!
The bolt of electricity hits you!
* * * LOW HITPOINT WARNING * * *
You miss the electric eel.
The electric eel is heavily wounded.
Your shadow imp completely misses the electric eel.
Your ogre closely misses the electric eel.
The electric eel shoots out a bolt of lightning at you!
The bolt of electricity hits you!
You die...

#...#.####...#.#
#...#.......<#.#
#...#.......)#.#
#...#........#.#
#...#........#.#
#..............#
#####)#.#...#....###
........#........#
.....@O5.>......##
.<≈≈;;;≈≈≈≈≈≈≈≈≈≈≈≈≈
≈≈≈≈≈≈≈≈≈≈≈≈≈≈≈≈≈≈≈≈
≈≈≈≈≈≈≈≈≈≈≈≈≈≈≈≈≈≈≈≈
≈≈≈≈≈≈≈≈≈≈≈≈≈≈≈≈≈#≈≈
≈≈≈≈≈≈≈≈≈≈≈≈≈≈≈≈≈≈≈≈


You could see 3 electric eels, a friendly ogre (berserk) and a friendly shadow
imp.

Vanquished Creatures
  3 two-headed ogres
  A cyclops (D:10)
  Maurice (D:10)
  A troll (D:9)
  Sigmund (D:5)
  A vampire (D:11)
  A steam dragon (D:9)
  6 yaks (D:10)
  4 wargs (D:10)
  An acid dragon (D:11)
  2 orc warriors (D:10)
  2 ice beasts (D:9)
  Duvessa (D:4)
  4 sky beasts
  A black bear (D:8)
  An eye of draining (D:9)
  4 phantoms
  5 ogres
  2 centaurs
  A big kobold (D:9)
  The ghost of Gobbopathe the Ruffian, an amateur VSTm (D:3)
  An elf zombie (Ossuary)
  A bullfrog (D:6)
  A scorpion (D:6)
  2 howler monkeys
  2 electric eels (D:12)
  4 crimson imps
  2 bullfrog zombies
  3 centaur zombies (Ossuary)
  2 jellies
  4 orc priests
  4 hounds
  Crazy Yiuf (D:5)
  A centaur skeleton (D:6)
  2 iguanas
  8 orc wizards
  5 worker ants
  A big kobold zombie (Ossuary)
  2 ogre zombies (Ossuary)
  3 hound skeletons
  7 mummies (Ossuary)
  Robin (D:3)
  6 gnolls
  14 adders
  A shadow imp (D:5)
  2 oozes
  4 adder zombies (Ossuary)
  2 adder skeletons
  3 worms
  3 dart slugs
  4 leopard geckos
  26 orcs
  10 bats
  6 giant cockroaches
  10 goblins
  9 hobgoblins
  14 jackals
  4 quokkas
  2 ball pythons
  2 frilled lizards
  3 gnoll zombies
  5 goblin zombies (Ossuary)
  5 hobgoblin zombies (Ossuary)
  A jackal skeleton (D:4)
  A jackal zombie (D:6)
  18 kobolds
  A kobold zombie (Ossuary)
  2 leopard gecko zombies (D:6)
  An orc zombie (Ossuary)
  2 quokka zombies (Ossuary)
  7 rats
  4 rat zombies (Ossuary)
273 creatures vanquished.

Vanquished Creatures (collateral kills)
  2 hippogriffs
  A wyvern (D:9)
  A black bear (D:7)
  An ice beast (D:9)
  3 orc warriors
  A phantom (D:5)
  A centaur (D:7)
  Dowan (D:4)
  A scorpion (D:6)
  A crimson imp (D:9)
  5 orc wizards
  A centaur skeleton (D:8)
  3 orc priests
  A gnoll shaman (D:9)
  A worker ant (D:9)
  2 adders
  12 orcs
  A hobgoblin (D:3)
  5 jackals
  3 kobolds (D:9)
  A leopard gecko skeleton (D:4)
48 creatures vanquished.

Vanquished Creatures (others)
  A centaur (D:10)
1 creature vanquished.

Grand Total: 322 creatures vanquished

Notes
Turn   | Place    | Note
-------+----------+-------------------------------------------
     0 | D:1      | troglodite the Demonspawn Berserker began the quest for the Orb.
     0 | D:1      | Reached XP level 1. HP: 18/18 MP: 1/1
   149 | D:1      | Gained mutation: A weak demonic guardian rushes to your aid. [demonic ancestry]
   149 | D:1      | Reached XP level 2. HP: 24/24 MP: 2/2
   899 | D:2      | Reached XP level 3. HP: 29/29 MP: 3/3
  1130 | D:2      | Reached ** piety under Trog
  1244 | D:2      | Found an ancient bone altar of Kikubaaqudgha.
  1504 | D:3      | Reached XP level 4. HP: 35/35 MP: 4/4
  1680 | D:3      | Gained mutation: You are slightly more attuned to the shadows. [demonic ancestry]
  1680 | D:3      | Reached XP level 5. HP: 41/41 MP: 5/5
  1782 | D:3      | Reached skill level 1 in Short Blades
  1989 | D:3      | Noticed Gobbopathe's ghost (amateur VSTm)
  1997 | D:3      | Killed Gobbopathe's ghost
  2145 | D:3      | Noticed Robin
  2152 | D:3      | Reached *** piety under Trog
  2154 | D:3      | Killed Robin
  2154 | D:3      | Reached XP level 6. HP: 48/48 MP: 6/6
  2540 | D:4      | Found a snail-covered altar of Cheibriados.
  2812 | D:4      | Noticed Duvessa
  2813 | D:4      | Noticed Dowan
  2821 | D:4      | Killed Duvessa
  2822 | D:4      | Killed Dowan
  2822 | D:4      | Gained mutation: You are significantly more attuned to the shadows. [demonic ancestry]
  2822 | D:4      | Reached XP level 7. HP: 54/54 MP: 7/7
  2866 | D:4      | Reached skill level 1 in Stealth
  3925 | D:5      | Entered Level 5 of the Dungeon
  3940 | D:5      | Reached skill level 5 in Long Blades
  4003 | D:5      | Found a runed door.
  4007 | D:5      | Noticed Crazy Yiuf
  4011 | D:5      | Killed Crazy Yiuf
  4087 | D:5      | Reached **** piety under Trog
  4131 | D:5      | Found a staircase to the Ecumenical Temple.
  4386 | D:5      | Found a basalt altar of Yredelemnul.
  4482 | D:5      | Noticed Sigmund
  4490 | D:5      | Killed Sigmund
  4490 | D:5      | Gained mutation: You have sharp fingernails. [demonic ancestry]
  4490 | D:5      | Reached XP level 8. HP: 61/61 MP: 8/8
  4552 | D:5      | Found a blossoming altar of Fedhas.
  4905 | D:6      | Found a sand-covered staircase.
  4918 | Ossuary  | Entered an ossuary
  5533 | Ossuary  | Reached skill level 5 in Fighting
  5533 | Ossuary  | Reached skill level 5 in Armour
  5768 | Ossuary  | Reached ***** piety under Trog
  6035 | D:6      | Found a sparkling altar of Nemelex Xobeh.
  6067 | D:6      | Found a sacrificial altar of Ru.
  6117 | D:6      | Found an ornate altar of the Wu Jian Council.
  7203 | D:7      | Reached XP level 9. HP: 37/68 MP: 4/9
  7560 | D:7      | Found a white marble altar of Elyvilon.
  7687 | D:7      | Found an iron altar of Okawaru.
  8348 | D:8      | Noticed a two-headed ogre
  8370 | D:8      | Killed a two-headed ogre
  8370 | D:8      | Reached skill level 5 in Dodging
  8370 | D:8      | Reached skill level 1 in Shields
  8469 | D:8      | Got a translucent dagger
  8478 | D:8      | Found an ornate altar of the Wu Jian Council.
  8554 | D:8      | Identified the +5 dagger "Luer" {pierce, +Rage MR+} (You found it on level 8 of the Dungeon)
  8691 | D:8      | Found a burning altar of Makhleb.
  9076 | D:9      | Reached skill level 5 in Stealth
  9095 | D:9      | Gained mutation: You are partially covered in thin metallic scales. (AC +2) [demonic ancestry]
  9095 | D:9      | Reached XP level 10. HP: 70/77 MP: 10/10
  9109 | D:9      | Received a gift from Trog
  9398 | D:9      | Noticed a two-headed ogre
  9432 | D:9      | Killed a two-headed ogre
 10122 | D:10     | Entered Level 10 of the Dungeon
 10504 | D:10     | Found a staircase to the Orcish Mines.
 10516 | D:10     | Noticed a cyclops
 10590 | D:10     | Killed a cyclops
 10842 | D:10     | Noticed Maurice
 10859 | D:10     | Killed Maurice
 10859 | D:10     | Reached XP level 11. HP: 84/84 MP: 11/11
 10891 | D:10     | Noticed a two-headed ogre
 10900 | D:10     | Killed a two-headed ogre
 10900 | D:10     | Reached skill level 5 in Shields
 11022 | D:10     | Found a staircase to the Lair.
 12192 | D:12     | HP: 4/126 [electric eel/bolt of electricity (9)]
 12193 | D:12     | Killed from afar by an electric eel

Skill      XL: |  1  2  3  4  5  6  7  8  9 10 11 |
---------------+----------------------------------+-----
Dodging        | 2 3 4 5 6 |  6.8
Armour         | 2 3 4 5 6 |  6.9
Long Blades    | 3 4 5 6 7 |  7.7
Short Blades   | 1 3 4 |  4.2
Fighting       | 4 5 6 7 |  7.5
Stealth        | 2 3 5 6 |  6.2
Shields        | 1 4 5 |  5.3

Action                   |  1- 3 |  4- 6 |  7- 9 | 10-12 || total
-------------------------+-------+-------+-------+-------++-------
Melee: Falchion          |    78 |   102 |   579 |       ||   759
       Dagger            |    88 |    77 |    32 |   422 ||   619
Invok: Berserk           |     2 |     3 |     8 |     6 ||    19
       Trog's Hand       |       |       |     1 |       ||     1
       Burn Spellbooks   |       |       |     1 |       ||     1
       Brothers in Arms  |       |       |     1 |     3 ||     4
  Use: Scroll            |     5 |     1 |    15 |     4 ||    25
 Stab: Sleeping          |       |       |    31 |     4 ||    35
       Distracted        |       |       |     2 |     2 ||     4
  Eat: Chunk             |     3 |     8 |    26 |    11 ||    48
       Ration            |       |       |     1 |     1 ||     2
Armor: Chain mail        |   119 |   156 |    94 |       ||   369
       Ring mail         |       |       |   218 |   152 ||   370
Dodge: Dodged            |    83 |    93 |   329 |   172 ||   677
Block: Shield            |       |       |    27 |   237 ||   264
       Reflection        |       |       |       |     3 ||     3
       Rpst.: Falchion   |    22 |    27 |   100 |       ||   149
